3AAA
SUNSET DISTRICT FOG @ BALBOA BUCCANEERS
07/20/2021
 
TOP OF THE 1ST
Sunset District Fog batting - Pitching for Balboa Buccaneers : RHP John Dempsey
Pitching: RHP John Dempsey
Batting: RHB Manuel Rodríguez 0-0: Called Strike
0-1: Foul Ball, location: 2F
0-2: SINGLE (Line Drive, 56)
Batting: RHB Francisco Torres 0-0: Ball
Manuel Rodríguez steals 2nd base
1-0: Foul Ball, location: 2F
1-1: Ground out 5-3 (Groundball, 5S)
Manuel Rodríguez to third
Batting: SHB Al Anderson 0-0: Ball
1-0: Called Strike
1-1: Ball
2-1: Swinging Strike
2-2: Strikes out looking
Batting: LHB Todd Henry 0-0: Called Strike
0-1: Swinging Strike
0-2: SINGLE (Groundball, 34)
Manuel Rodríguez scores
Batting: RHB Luis Silva 0-0: Ball
1-0: Fielders Choice at 2nd, U6 (Groundball, 6MD)
Top of the 1st over - 1 run(s), 2 hit(s), 0 error(s), 1 left on base; Sunset District 1 - Balboa 0
BOTTOM OF THE 1ST
Balboa Buccaneers batting - Pitching for Sunset District Fog : LHP Jared Cox
Pitching: LHP Jared Cox
Batting: RHB Jean Lemaire 0-0: Called Strike
0-1: Swinging Strike
0-2: Ball
1-2: SINGLE (Groundball, 56D)
Batting: SHB Wook-jin Pae 0-0: Ball
1-0: Ball
2-0: Ball
3-0: Base on Balls
Jean Lemaire to second
Batting: RHB José Correa 0-0: Called Strike
0-1: Ball
1-1: Fly out, F8 (Flyball, 8RM)
Batting: LHB Sergio Muńóz 0-0: Ball
1-0: SINGLE (Groundball, 3D)
Jean Lemaire to third
Wook-jin Pae to second
Runner from 3rd tries for Home, SAFE, throw made at trailing runner, SAFE at third!
Batting: RHB Kyle Myers 0-0: Called Strike
0-1: Called Strike
0-2: Strikes out swinging
Batting: RHB Denis Taylor 0-0: Ball
1-0: Foul Ball, location: 2F
1-1: Ball
2-1: Called Strike
2-2: Ball
3-2: Base on Balls
Sergio Muńóz to second
Batting: RHB Leonard James 0-0: Foul Ball, location: 2F
0-1: Foul Ball, location: 2F
0-2: Fly out, F3 (Line Drive, 34)
Bottom of the 1st over - 1 run(s), 2 hit(s), 0 error(s), 3 left on base; Sunset District 1 - Balboa 1
TOP OF THE 2ND
Sunset District Fog batting - Pitching for Balboa Buccaneers : RHP John Dempsey
Batting: RHB Rafael Najcrea 0-0: Called Strike
0-1: Foul Ball, location: 2F
0-2: Ball
1-2: Foul Ball, location: 2F
1-2: Strikes out swinging
Batting: RHB Michael Hart 0-0: Bunt missed!
0-1: SINGLE (Line Drive, 34)
Batting: LHB Jesús Quintanilla 0-0: Ball
1-0: Ball
2-0: SINGLE (Groundball, 6MD)
Michael Hart to second
Batting: RHB Jim Allen 0-0: Called Strike
Michael Hart steals 3rd base
Jesús Quintanilla to second
0-1: Swinging Strike
0-2: Ball
1-2: SINGLE (Line Drive, 78S)
Michael Hart scores
Jesús Quintanilla to third
Runner from 3rd tries for Home, SAFE, no throw or cutoff
Batting: RHB Manuel Rodríguez 0-0: Ball
1-0: Called Strike
1-1: Foul Ball, location: 2F
1-2: Grounds into double play, 5-4-3 (Groundball, 56)
Top of the 2nd over - 2 run(s), 3 hit(s), 0 error(s), 0 left on base; Sunset District 3 - Balboa 1
BOTTOM OF THE 2ND
Balboa Buccaneers batting - Pitching for Sunset District Fog : LHP Jared Cox
Batting: RHB Joel Lee 0-0: Called Strike
0-1: Foul Ball, location: 2F
0-2: SINGLE (Line Drive, 34D)
Batting: RHB Roy Childress 0-0: Ball
1-0: Ball
2-0: Ball
3-0: Called Strike
3-1: Called Strike
3-2: Base on Balls
Joel Lee to second
Batting: RHB Jean Lemaire 0-0: Foul Ball, location: 2F
0-1: Ball
1-1: Foul Ball, location: 2F
1-2: Grounds into double play, 6-4-3 (Groundball, 6)
Joel Lee to third
Batting: SHB Wook-jin Pae 0-0: Ball
1-0: Called Strike
1-1: Swinging Strike
1-2: Fly out, F8 (Flyball, 8RM)
Bottom of the 2nd over - 0 run(s), 1 hit(s), 0 error(s), 1 left on base; Sunset District 3 - Balboa 1
TOP OF THE 3RD
Sunset District Fog batting - Pitching for Balboa Buccaneers : RHP John Dempsey
Batting: RHB Francisco Torres 0-0: Ball
1-0: Ball
2-0: Ball
3-0: Called Strike
3-1: Called Strike
3-2: Strikes out swinging
Batting: SHB Al Anderson 0-0: Foul Ball, location: 2F
0-1: Swinging Strike
0-2: Strikes out looking
Batting: LHB Todd Henry 0-0: Ball
1-0: SINGLE (Groundball, 34D)
Batting: RHB Luis Silva 0-0: Ball
1-0: Ground out 4-3 (Groundball, 34)
Top of the 3rd over - 0 run(s), 1 hit(s), 0 error(s), 1 left on base; Sunset District 3 - Balboa 1
BOTTOM OF THE 3RD
Balboa Buccaneers batting - Pitching for Sunset District Fog : LHP Jared Cox
Batting: RHB José Correa 0-0: Ball
1-0: Called Strike
1-1: Called Strike
1-2: Foul Ball, location: 2F
1-2: Ball
2-2: SINGLE (Groundball, 5D)
Batting: LHB Sergio Muńóz 0-0: Ball
1-0: Called Strike
1-1: Foul Ball, location: 2F
1-2: Ball
2-2: SINGLE (Flyball, 7S)
José Correa to second
Batting: RHB Kyle Myers 0-0: Swinging Strike
0-1: Called Strike
0-2: Ball
1-2: 3-RUN HOME RUN (Flyball, 78XD), Distance : 421 ft
Batting: RHB Denis Taylor 0-0: Ball
1-0: Swinging Strike
1-1: Foul Ball, location: 2F
1-2: Foul Ball, location: 2F
1-2: Fly out, F4 (Popup, 34D)
Batting: RHB Leonard James 0-0: Ball
1-0: Ball
2-0: Fly out, F8 (Flyball, 8LD)
Batting: RHB Joel Lee 0-0: Ball
1-0: SINGLE (Groundball, 56D)
Batting: RHB Roy Childress 0-0: Called Strike
0-1: Ball
1-1: 2-RUN HOME RUN (Flyball, 78XD), Distance : 421 ft
Batting: RHB Jean Lemaire 0-0: Ball
1-0: Fly out, F8 (Flyball, 78S)
Bottom of the 3rd over - 5 run(s), 5 hit(s), 0 error(s), 0 left on base; Sunset District 3 - Balboa 6
TOP OF THE 4TH
Sunset District Fog batting - Pitching for Balboa Buccaneers : RHP John Dempsey
Batting: RHB Rafael Najcrea 0-0: Bunt missed!
0-1: Called Strike
0-2: Ground out 5-3 (Groundball, 56)
Batting: RHB Michael Hart 0-0: Swinging Strike
0-1: Ball
1-1: Swinging Strike
1-2: Ball
2-2: Strikes out swinging
Batting: LHB Jesús Quintanilla 0-0: Ball
1-0: Ball
2-0: Ball
3-0: Base on Balls
Batting: RHB Jim Allen 0-0: Swinging Strike
0-1: Ball
1-1: Ball
2-1: Called Strike
2-2: Foul Ball, location: 2F
2-2: Ball
Wild Pitch!
Jesús Quintanilla to second
3-2: Ground out 1-3 (Groundball, 23)
Top of the 4th over - 0 run(s), 0 hit(s), 0 error(s), 1 left on base; Sunset District 3 - Balboa 6
BOTTOM OF THE 4TH
Balboa Buccaneers batting - Pitching for Sunset District Fog : LHP Jared Cox
Pitching: LHP Juan Castro
Batting: SHB Wook-jin Pae 0-0: Ball
1-0: Ground out 4-3 (Groundball, 4)
Batting: RHB José Correa 0-0: Ball
1-0: Foul Ball, location: 2F
1-1: Swinging Strike
1-2: Strikes out swinging
Batting: LHB Sergio Muńóz 0-0: Called Strike
0-1: Ground out 4-3 (Groundball, 4)
Bottom of the 4th over - 0 run(s), 0 hit(s), 0 error(s), 0 left on base; Sunset District 3 - Balboa 6
TOP OF THE 5TH
Sunset District Fog batting - Pitching for Balboa Buccaneers : RHP John Dempsey
Batting: RHB Manuel Rodríguez 0-0: Ball
1-0: SINGLE (Groundball, 23) (infield hit)
Batting: RHB Francisco Torres 0-0: Ball
1-0: Ball
2-0: Called Strike
2-1: Called Strike
2-2: Strikes out looking
Batting: SHB Al Anderson 0-0: Ball
1-0: Foul Ball, location: 2F
1-1: Ball
2-1: Ball
3-1: Base on Balls
Manuel Rodríguez to second
Batting: LHB Todd Henry 0-0: Ball
1-0: Called Strike
1-1: Foul Ball, location: 2F
1-2: Strikes out swinging
Batting: RHB Luis Silva 0-0: Foul Ball, location: 2F
0-1: Ground out 4-3 (Groundball, 4)
Top of the 5th over - 0 run(s), 1 hit(s), 0 error(s), 2 left on base; Sunset District 3 - Balboa 6
BOTTOM OF THE 5TH
Balboa Buccaneers batting - Pitching for Sunset District Fog : LHP Juan Castro
Batting: RHB Kyle Myers 0-0: Foul Ball, location: 2F
0-1: Ball
1-1: Swinging Strike
1-2: Foul Ball, location: 2F
1-2: Ball
2-2: Strikes out swinging
Batting: RHB Denis Taylor 0-0: Ball
1-0: DOUBLE (Groundball, 3L)
Batting: RHB Leonard James 0-0: Ball
1-0: Ball
2-0: Fly out, F3 (Popup, 3F)
Batting: RHB Joel Lee 0-0: Fly out, F8 (Flyball, 8LS)
Bottom of the 5th over - 0 run(s), 1 hit(s), 0 error(s), 1 left on base; Sunset District 3 - Balboa 6
TOP OF THE 6TH
Sunset District Fog batting - Pitching for Balboa Buccaneers : RHP John Dempsey
Batting: RHB Rafael Najcrea 0-0: Ball
1-0: Ball
2-0: Foul Ball, location: 2F
2-1: DOUBLE (Flyball, 78D)
Batting: RHB Michael Hart 0-0: Ball
1-0: Called Strike
1-1: Ball
2-1: Swinging Strike
2-2: Ball
3-2: Base on Balls
Batting: LHB Jesús Quintanilla 0-0: Ball
1-0: Swinging Strike
1-1: Swinging Strike
1-2: Ball
2-2: Ground out 3-1 (Groundball, 34)
Rafael Najcrea to third
Michael Hart to second
Batting: RHB Jim Allen 0-0: Ball
1-0: Ball
2-0: Called Strike
2-1: Ball
3-1: Base on Balls
Batting: RHB Manuel Rodríguez 0-0: Ball
1-0: Ball
2-0: Reached on Error, E8 (Flyball, 8LM)
Rafael Najcrea scores
Michael Hart to third
Jim Allen to second
Batting: RHB Francisco Torres 0-0: Ball
1-0: Ball
2-0: Called Strike
2-1: Foul Ball, location: 2F
2-2: Grounds into double play, 6-4-3 (Groundball, 6M)
Top of the 6th over - 1 run(s), 1 hit(s), 1 error(s), 2 left on base; Sunset District 4 - Balboa 6
BOTTOM OF THE 6TH
Balboa Buccaneers batting - Pitching for Sunset District Fog : LHP Juan Castro
Batting: RHB Roy Childress 0-0: Ball
1-0: Ball
2-0: Ball
3-0: Called Strike
3-1: SINGLE (Line Drive, 89S)
Batting: RHB Jean Lemaire 0-0: Ball
1-0: Ball
2-0: SINGLE (Flyball, 9LM)
Roy Childress to second
Runner from 2nd tries for 3rd, SAFE, no throw or cutoff
Batting: SHB Wook-jin Pae 0-0: Fly out, F9 (Popup, 34D)
Batting: RHB José Correa 0-0: Ball
1-0: Called Strike
1-1: Reached on error, E6 (Groundball, 6)
Roy Childress scores
Jean Lemaire to second
Batting: LHB Sergio Muńóz 0-0: Foul Ball, location: 2F
0-1: Ball
1-1: SINGLE (Line Drive, 7S)
Jean Lemaire to third
José Correa to second
Batting: RHB Kyle Myers 0-0: DOUBLE (Groundball, 5L)
Jean Lemaire scores
José Correa scores
Sergio Muńóz to third
Pitching: RHP Raúl Andrés
Batting: RHB Denis Taylor 0-0: Ball
1-0: Fly out, F9 (Line Drive, 9S)
Batting: RHB Leonard James 0-0: Ball
1-0: Ball
2-0: Ground out 5-3 (Groundball, 5S)
Bottom of the 6th over - 3 run(s), 4 hit(s), 1 error(s), 2 left on base; Sunset District 4 - Balboa 9
TOP OF THE 7TH
Sunset District Fog batting - Pitching for Balboa Buccaneers : RHP John Dempsey
Batting: SHB Al Anderson 0-0: Ball
1-0: Called Strike
1-1: Swinging Strike
1-2: Ball
2-2: Foul Ball, location: 2F
2-2: Fly out, F8 (Flyball, 8LM)
Batting: LHB Todd Henry 0-0: Called Strike
0-1: SINGLE (Groundball, 5D)
Pitching: RHP Martin MacNamara
Batting: RHB Luis Silva 0-0: Ball
1-0: Called Strike
1-1: Called Strike
1-2: Strikes out swinging
Batting: RHB Rafael Najcrea 0-0: Called Strike
0-1: Swinging Strike
0-2: Ball
1-2: Ball
2-2: SINGLE (Flyball, 9S)
Todd Henry to second
Batting: RHB Michael Hart 0-0: Called Strike
0-1: Ball
1-1: Foul Ball, location: 2F
1-2: Strikes out looking
Top of the 7th over - 0 run(s), 2 hit(s), 0 error(s), 2 left on base; Sunset District 4 - Balboa 9
BOTTOM OF THE 7TH
Balboa Buccaneers batting - Pitching for Sunset District Fog : RHP Raúl Andrés
Batting: RHB Joel Lee 0-0: Ball
1-0: Ball
2-0: Ball
3-0: Base on Balls
Batting: RHB Roy Childress 0-0: Foul Ball, location: 2F
0-1: Ball
1-1: Called Strike
1-2: Ball
2-2: Fly out, F7 (Flyball, 78S)
Batting: RHB Jean Lemaire 0-0: Ball
1-0: Swinging Strike
1-1: SINGLE (Line Drive, 56D)
Joel Lee to second
Batting: SHB Wook-jin Pae 0-0: Fly out, F3 (Popup, 3S)
Batting: RHB José Correa 0-0: Ball
1-0: Foul Ball, location: 2F
1-1: Foul Ball, location: 2F
1-2: Foul Ball, location: 2F
1-2: Fly out, F7 (Flyball, 7M)
Bottom of the 7th over - 0 run(s), 1 hit(s), 0 error(s), 2 left on base; Sunset District 4 - Balboa 9
TOP OF THE 8TH
Sunset District Fog batting - Pitching for Balboa Buccaneers : RHP Martin MacNamara
Batting: LHB Jesús Quintanilla 0-0: Ball
1-0: Foul Ball, location: 2F
1-1: Foul Ball, location: 2F
1-2: Ball
2-2: Foul Ball, location: 2F
2-2: Ball
3-2: Foul Ball, location: 2F
3-2: SINGLE (Flyball, 7S)
Batting: RHB Jim Allen 0-0: Ball
1-0: Ball
2-0: Ball
3-0: Called Strike
3-1: Foul Ball, location: 2F
3-2: Hit by Pitch
Jesús Quintanilla to second
Batting: RHB Manuel Rodríguez 0-0: Called Strike
0-1: Ball
1-1: Ball
2-1: Fly out, F8 (Flyball, 8LM)
Batting: RHB Francisco Torres 0-0: Called Strike
0-1: Swinging Strike
0-2: SINGLE (Line Drive, 9LM)
Jesús Quintanilla to third
Jim Allen to second
Runner from 3rd tries for Home, SAFE, no throw or cutoff
Pitching: LHP Albert Lucas
Batting: SHB Al Anderson 0-0: Ball
1-0: Foul Ball, location: 2F
1-1: Ground out 4-3 (Groundball, 4M)
Jim Allen to third
Francisco Torres to second
Batting: LHB Todd Henry 0-0: Foul Ball, location: 2F
0-1: Foul Ball, location: 2F
0-2: Ball
1-2: Foul Ball, location: 2F
1-2: Ball
2-2: Strikes out swinging
Top of the 8th over - 1 run(s), 2 hit(s), 0 error(s), 2 left on base; Sunset District 5 - Balboa 9
BOTTOM OF THE 8TH
Balboa Buccaneers batting - Pitching for Sunset District Fog : RHP Raúl Andrés
Batting: LHB Sergio Muńóz 0-0: Ball
1-0: Foul Ball, location: 2F
1-1: Swinging Strike
1-2: Strikes out swinging
Batting: RHB Kyle Myers 0-0: Ball
1-0: Ball
2-0: Called Strike
2-1: Ball
3-1: SINGLE (Groundball, 56)
Batting: RHB Denis Taylor 0-0: Ball
1-0: Ball
2-0: Ball
3-0: Called Strike
3-1: Base on Balls
Kyle Myers to second
Batting: RHB Leonard James 0-0: SINGLE (Groundball, 6D)
Kyle Myers to third
Denis Taylor to second
Batting: RHB Joel Lee 0-0: Ball
1-0: Ball
2-0: Ball
3-0: Called Strike
3-1: Foul Ball, location: 2F
3-2: Strikes out swinging
Batting: RHB Roy Childress 0-0: Ball
1-0: Ball
2-0: Ball
3-0: Called Strike
3-1: Swinging Strike
3-2: Foul Ball, location: 2F
3-2: Base on Balls
Kyle Myers scores
Denis Taylor to third
Leonard James to second
Batting: RHB Jean Lemaire 0-0: Foul Ball, location: 2F
0-1: Ball
1-1: Ball
2-1: Swinging Strike
2-2: Ball
3-2: Strikes out swinging
Bottom of the 8th over - 1 run(s), 2 hit(s), 0 error(s), 3 left on base; Sunset District 5 - Balboa 10
TOP OF THE 9TH
Sunset District Fog batting - Pitching for Balboa Buccaneers : LHP Albert Lucas
Pitching: RHP Jim Unknown
Now at 2B: César Garza
Batting: RHB Luis Silva 0-0: Ball
1-0: Ball
2-0: Called Strike
2-1: SINGLE (Flyball, 6MD)
Batting: RHB Rafael Najcrea 0-0: Called Strike
0-1: SINGLE (Groundball, 56D)
Luis Silva to second
Batting: RHB Michael Hart 0-0: Ball
1-0: Called Strike
1-1: Called Strike
1-2: Ball
2-2: Fly out, F6 (Line Drive, 6)
2-2: Lined into DP, 6-4 (Line Drive, 6)
Batting: LHB Jesús Quintanilla 0-0: Called Strike
0-1: Foul Ball, location: 2F
0-2: Ground out 6-3 (Groundball, 6)
Top of the 9th over - 0 run(s), 2 hit(s), 0 error(s), 1 left on base; Sunset District 5 - Balboa 10
This league is powered by Out of the Park Baseball, the baseball management simulation game for PC, Mac and Linux
Friday, January 22nd, 2016 - OOTP Baseball 16.9 Build 39